General information
- name: BNet
- type: Ladder team game (AT/RT)
- host: Battle.net
- saver: NADMaN
map: FullScaleAssault
- players: 8
- length: 40:28
- speed: Fast
- version: 1.21 W3XP
- replay type: Public
» download(340 KB)
Players
team 1 (winner)
Dexanth (
blue | 71 APM | 2888 actions | 40:25)
8 Blademaster
3 Wind Walk
3 Critical Strike
1 Bladestorm
1 Mirror Image
1 Demon Hunter
1 Immolation
» actions
| Assign group hotkey | 23 | |
| Basic commands | 4 | |
| Build / train | 82 | |
| ESC pressed | 1 | |
| Enter build submenu | 52 | |
| Enter hero's abilities submenu | 11 | |
| Give item / drop item | 10 | |
| Remove unit from queue | 12 | |
| Right click | 1588 | |
| Select / deselect | 490 | |
| Select group hotkey | 273 | |
| Use ability | 341 | |
2888 total
» units
| Peon | 17 | |
| Troll Batrider | 18 | |
| Raider | -1 | |
| Goblin Zeppelin | 2 | |
36 total
» upgrades
| Spiked Barricades | 3 | |
| Ranged Weapons | 3 | |
| Armor | 4 | |
| Reinforced Defenses | 1 | |
| Liquid Fire | 1 | |
| Pillage | 1 | |
| Backpack | 1 | |
| Ensnare | 1 | |
| Envenomed Spears | 1 | |
| War Drums Damage Increase | 1 | |
17 total
» buildings
| Altar of Storms | 2 | |
| Orc Burrow | 3 | |
| War Mill | 1 | |
| Watch Tower | 42 | |
| Stronghold | 1 | |
| Voodoo Lounge | 1 | |
| Great Hall | 1 | |
| Fortress | 1 | |
| Beastiary | 2 | |
54 total
» build order
00:05 Altar of Storms
00:07 Altar of Storms
00:21 Orc Burrow
00:40 War Mill
01:51 Watch Tower
02:04 Watch Tower
02:24 Watch Tower
02:45 Orc Burrow
02:50 Watch Tower
03:14 Watch Tower
03:54 Watch Tower
03:56 Watch Tower
04:29 Stronghold
04:50 Watch Tower
04:51 Watch Tower
04:53 Watch Tower
05:03 Watch Tower
06:00 Orc Burrow
06:28 Voodoo Lounge
06:32 Great Hall
06:40 Watch Tower
06:41 Watch Tower
07:07 Fortress
07:36 Watch Tower
08:02 Beastiary
08:07 Watch Tower
08:14 Watch Tower
08:53 Watch Tower
09:25 Watch Tower
09:39 Beastiary
09:58 Watch Tower
10:30 Watch Tower
10:42 Watch Tower
10:44 Watch Tower
11:02 Watch Tower
11:37 Watch Tower
12:06 Watch Tower
12:42 Watch Tower
13:15 Watch Tower
14:25 Watch Tower
15:53 Watch Tower
17:50 Watch Tower
18:56 Watch Tower
36:30 Watch Tower
36:31 Watch Tower
36:32 Watch Tower
36:33 Watch Tower
36:34 Watch Tower
36:36 Watch Tower
36:38 Watch Tower
36:39 Watch Tower
36:41 Watch Tower
36:43 Watch Tower
40:20 Watch Tower
» items
| Boots of Speed | 1 | |
| Staff of Teleportation | 1 | |
| Lesser Clarity Potion | 3 | |
| Healing Salve | 1 | |
| Orb of Lightning | 1 | |
7 total
GOKUMaN69 (
orange | 44 APM | 1766 actions | 40:25)
9 Demon Hunter
3 Mana Burn
3 Evasion
1 Metamorphosis
2 Immolation
» actions
| Assign group hotkey | 1 | |
| Build / train | 70 | |
| Enter build submenu | 27 | |
| Enter hero's abilities submenu | 9 | |
| Give item / drop item | 9 | |
| Right click | 1027 | |
| Select / deselect | 454 | |
| Select group hotkey | 5 | |
| Use ability | 162 | |
1766 total
» units
| Wisp | 26 | |
| Goblin Zeppelin | 1 | |
| Chimaera | 4 | |
31 total
» upgrades
| Ultravision | 1 | |
| Strength of the Wild | 3 | |
| Reinforced Hides | 3 | |
| Well Spring | 1 | |
| Nature's Blessing | 1 | |
| Corrosive Breath | 1 | |
10 total
» buildings
| Altar of Elders | 1 | |
| Moon Well | 22 | |
| Tree of Ages | 3 | |
| Hunter's Hall | 1 | |
| Ancient of Wonders | 1 | |
| Tree of Eternity | 1 | |
| Ancient of Wind | 1 | |
| Chimaera Roost | 2 | |
| Tree of Life | 1 | |
33 total
» build order
00:07 Altar of Elders
00:33 Moon Well
02:16 Moon Well
02:52 Moon Well
04:49 Moon Well
06:09 Moon Well
07:35 Moon Well
08:28 Moon Well
10:17 Tree of Ages
10:17 Tree of Ages
10:18 Tree of Ages
10:50 Hunter's Hall
11:48 Ancient of Wonders
12:00 Moon Well
12:01 Moon Well
12:02 Moon Well
13:13 Moon Well
13:25 Tree of Eternity
13:28 Ancient of Wind
14:38 Moon Well
19:02 Chimaera Roost
19:03 Chimaera Roost
19:06 Moon Well
19:07 Moon Well
20:01 Tree of Life
21:37 Moon Well
36:04 Moon Well
36:05 Moon Well
36:07 Moon Well
36:09 Moon Well
36:12 Moon Well
36:13 Moon Well
36:15 Moon Well
» items
| Boots of Speed | 1 | |
| Staff of Teleportation | 1 | |
| Orb of Venom | 1 | |
| Periapt of Vitality | 4 | |
7 total
NADMaN (
purple | 109 APM | 4399 actions | 40:28)
6 Archmage
2 Blizzard
3 Brilliance Aura
1 Mass Teleport
4 Mountain King
2 Storm Bolt
2 Thunder Clap
» actions
| Assign group hotkey | 15 | |
| Basic commands | 95 | |
| Build / train | 138 | |
| ESC pressed | 3 | |
| Enter build submenu | 58 | |
| Enter hero's abilities submenu | 12 | |
| Give item / drop item | 1 | |
| Right click | 2070 | |
| Select / deselect | 776 | |
| Select group hotkey | 1014 | |
| Use ability | 216 | |
4399 total
» units
| Peasant | 19 | |
| Dragonhawk Rider | 5 | |
| Blue Dragon | 6 | |
| Goblin Zeppelin | 1 | |
| Gryphon Rider | 1 | |
| Priest | 4 | |
36 total
» upgrades
| Masonry | 4 | |
| Lumber Harvesting | 2 | |
| Magic Sentry | 1 | |
| Armor | 3 | |
| Swords | 3 | |
| Priest Training | 2 | |
| Cloud | 1 | |
| Animal War Training | 1 | |
17 total
» buildings
| Altar of Kings | 2 | |
| Farm | 16 | |
| Lumber Mill | 2 | |
| Scout Tower | 71 | |
| Arcane Tower | 10 | |
| Guard Tower | 41 | |
| Keep | 4 | |
| Arcane Vault | 1 | |
| Town Hall | 2 | |
| Castle | 2 | |
| Arcane Sanctum | 2 | |
| Gryphon Aviary | 5 | |
| Blacksmith | 1 | |
| Barracks | 1 | |
160 total
» build order
00:06 Altar of Kings
00:19 Farm
00:21 Farm
00:34 Lumber Mill
00:54 Farm
01:23 Scout Tower
01:26 Scout Tower
01:27 Scout Tower
01:33 Scout Tower
01:40 Scout Tower
01:44 Scout Tower
01:53 Arcane Tower
02:00 Arcane Tower
02:14 Guard Tower
02:16 Scout Tower
02:18 Guard Tower
02:19 Guard Tower
02:21 Scout Tower
02:36 Scout Tower
02:39 Scout Tower
03:04 Guard Tower
03:05 Guard Tower
03:29 Guard Tower
03:47 Scout Tower
03:50 Scout Tower
03:59 Farm
04:10 Keep
04:10 Keep
04:15 Guard Tower
04:50 Arcane Vault
04:52 Scout Tower
05:22 Scout Tower
05:23 Scout Tower
05:24 Scout Tower
05:25 Scout Tower
05:27 Scout Tower
05:27 Scout Tower
05:28 Scout Tower
06:09 Arcane Tower
06:10 Guard Tower
06:34 Scout Tower
07:02 Town Hall
07:04 Scout Tower
07:06 Scout Tower
07:07 Scout Tower
07:09 Scout Tower
07:11 Scout Tower
07:38 Arcane Tower
07:39 Guard Tower
07:41 Guard Tower
07:42 Guard Tower
08:32 Arcane Tower
08:34 Guard Tower
08:39 Scout Tower
08:40 Guard Tower
08:40 Guard Tower
09:48 Guard Tower
09:57 Guard Tower
09:58 Guard Tower
10:12 Scout Tower
10:14 Scout Tower
10:15 Scout Tower
10:33 Arcane Tower
10:33 Arcane Tower
10:39 Scout Tower
10:40 Scout Tower
10:41 Scout Tower
10:42 Scout Tower
10:43 Scout Tower
10:46 Scout Tower
10:50 Castle
10:50 Castle
11:12 Scout Tower
11:13 Scout Tower
11:14 Scout Tower
11:14 Scout Tower
11:17 Scout Tower
11:18 Scout Tower
11:19 Scout Tower
11:19 Scout Tower
11:20 Scout Tower
11:21 Scout Tower
11:48 Guard Tower
11:53 Arcane Sanctum
11:58 Gryphon Aviary
12:00 Gryphon Aviary
12:04 Gryphon Aviary
12:09 Blacksmith
12:28 Guard Tower
12:44 Farm
12:46 Farm
12:47 Farm
12:48 Farm
12:48 Farm
12:50 Farm
12:52 Farm
13:02 Guard Tower
13:49 Scout Tower
13:51 Scout Tower
13:53 Scout Tower
14:28 Guard Tower
14:28 Guard Tower
15:12 Barracks
18:31 Guard Tower
18:31 Guard Tower
18:32 Scout Tower
18:34 Scout Tower
18:34 Scout Tower
18:34 Scout Tower
18:35 Scout Tower
18:36 Scout Tower
18:37 Scout Tower
18:38 Scout Tower
18:48 Guard Tower
18:48 Guard Tower
26:43 Guard Tower
26:43 Guard Tower
31:44 Gryphon Aviary
31:46 Arcane Sanctum
31:47 Gryphon Aviary
33:27 Farm
33:29 Farm
33:30 Farm
33:31 Farm
33:31 Farm
35:16 Town Hall
35:19 Scout Tower
35:20 Scout Tower
35:21 Scout Tower
35:23 Scout Tower
35:24 Scout Tower
36:10 Lumber Mill
36:30 Altar of Kings
36:47 Scout Tower
36:49 Scout Tower
36:50 Scout Tower
36:53 Scout Tower
36:54 Scout Tower
36:55 Scout Tower
36:57 Scout Tower
36:58 Scout Tower
36:59 Scout Tower
37:44 Guard Tower
37:44 Guard Tower
37:48 Guard Tower
37:48 Guard Tower
38:11 Guard Tower
38:18 Keep
38:19 Keep
38:44 Guard Tower
» items
| Scroll of Regeneration | 3 | |
| Mechanical Critter | 3 | |
| Boots of Speed | 1 | |
| Orb of Venom | 1 | |
8 total
VELOX_NEB (
green | 58 APM | 2352 actions | 40:25)
7 Blademaster
2 Wind Walk
3 Critical Strike
1 Bladestorm
1 Mirror Image
» actions
| Assign group hotkey | 18 | |
| Basic commands | 130 | |
| Build / train | 89 | |
| ESC pressed | 3 | |
| Enter build submenu | 77 | |
| Enter hero's abilities submenu | 7 | |
| Give item / drop item | 7 | |
| Remove unit from queue | 1 | |
| Right click | 1227 | |
| Select / deselect | 420 | |
| Select group hotkey | 213 | |
| Use ability | 160 | |
2352 total
» units
» upgrades
| Liquid Fire | 1 | |
| Ranged Weapons | 0 | |
| Reinforced Defenses | 1 | |
| Armor | 1 | |
3 total
» buildings
| Altar of Storms | 2 | |
| War Mill | 2 | |
| Orc Burrow | 6 | |
| Watch Tower | 44 | |
| Voodoo Lounge | 1 | |
| Stronghold | 2 | |
| Great Hall | 2 | |
| Beastiary | 4 | |
| Fortress | 1 | |
64 total
» build order
00:08 Altar of Storms
00:21 War Mill
00:35 Orc Burrow
02:08 Watch Tower
02:39 Watch Tower
03:08 Watch Tower
03:34 Voodoo Lounge
04:07 Watch Tower
04:17 Orc Burrow
04:24 Watch Tower
04:29 Watch Tower
05:30 Stronghold
05:51 Watch Tower
05:54 Watch Tower
05:59 Watch Tower
06:31 Watch Tower
06:37 Watch Tower
07:03 Watch Tower
07:43 Watch Tower
08:39 Watch Tower
09:01 Watch Tower
09:05 Great Hall
09:09 Watch Tower
09:23 Watch Tower
09:25 Beastiary
09:28 Beastiary
10:49 Watch Tower
10:51 Watch Tower
10:54 Watch Tower
12:05 Watch Tower
12:09 Watch Tower
13:15 Fortress
13:41 Orc Burrow
13:49 Watch Tower
17:28 Watch Tower
22:29 Watch Tower
24:29 Watch Tower
27:13 Watch Tower
27:16 Watch Tower
27:18 Watch Tower
27:20 Watch Tower
28:49 Watch Tower
28:51 Watch Tower
28:56 Watch Tower
29:28 Watch Tower
29:37 Great Hall
29:40 Watch Tower
29:42 Watch Tower
29:43 Watch Tower
30:25 Watch Tower
30:28 Watch Tower
32:54 Altar of Storms
33:29 Stronghold
33:33 War Mill
33:35 Orc Burrow
33:38 Orc Burrow
35:19 Watch Tower
36:11 Beastiary
36:16 Watch Tower
36:19 Beastiary
36:23 Watch Tower
36:25 Watch Tower
36:31 Watch Tower
37:38 Orc Burrow
» items
| Staff of Teleportation | 1 | |
| Potion of Lesser Invulnerability | 1 | |
| Orb of Lightning | 1 | |
| Healing Salve | 1 | |
4 total
team 2 (loser)
Homebrew. (
teal | 71 APM | 2869 actions | 40:24)
4 Far Seer
2 Feral Spirit
2 Chain Lighting
3 Tauren Chieftain
1 Shockwave
2 Endurance Aura
4 Shadow Hunter
2 Healing Wave
2 Hex
» actions
| Assign group hotkey | 45 | |
| Basic commands | 231 | |
| Build / train | 99 | |
| ESC pressed | 15 | |
| Enter build submenu | 95 | |
| Enter hero's abilities submenu | 11 | |
| Give item / drop item | 1 | |
| Right click | 598 | |
| Select / deselect | 761 | |
| Select group hotkey | 755 | |
| Use ability | 258 | |
2869 total
» units
| Peon | 16 | |
| Goblin Shredder | 2 | |
| Troll Witch Doctor | 7 | |
| Demolisher | 2 | |
| Tauren | 5 | |
| Goblin Zeppelin | 2 | |
| Raider | 4 | |
| Troll Headhunter/Berserker | 4 | |
| Spirit Walker | 3 | |
| Kodo Beast | 1 | |
| Shaman | 3 | |
49 total
» upgrades
| Spiked Barricades | 3 | |
| Witch Doctor Training | 3 | |
| Armor | 4 | |
| Reinforced Defenses | 1 | |
| Ensnare | 1 | |
| Spirit Walker Training | 2 | |
| Pulverize | 1 | |
| War Drums Damage Increase | 1 | |
| Shaman Training | 2 | |
| Melee Weapons | 3 | |
21 total
» buildings
| Altar of Storms | 1 | |
| Orc Burrow | 7 | |
| War Mill | 2 | |
| Watch Tower | 57 | |
| Stronghold | 1 | |
| Voodoo Lounge | 8 | |
| Great Hall | 4 | |
| Fortress | 1 | |
| Spirit Lodge | 1 | |
| Barracks | 1 | |
| Tauren Totem | 1 | |
| Beastiary | 1 | |
85 total
» build order
00:09 Altar of Storms
00:18 Orc Burrow
00:58 War Mill
01:14 Orc Burrow
02:58 Watch Tower
03:14 Watch Tower
03:27 Watch Tower
03:52 Watch Tower
03:56 Stronghold
04:10 Watch Tower
04:21 Watch Tower
04:59 Voodoo Lounge
05:28 Watch Tower
05:43 Great Hall
06:14 Watch Tower
06:58 Watch Tower
07:07 Fortress
07:11 Spirit Lodge
07:14 Barracks
07:30 Watch Tower
07:39 Watch Tower
08:06 Orc Burrow
08:11 Orc Burrow
08:21 Great Hall
08:25 Watch Tower
09:46 Voodoo Lounge
09:56 Tauren Totem
10:10 Watch Tower
10:32 Voodoo Lounge
11:45 Watch Tower
12:01 Watch Tower
12:39 Orc Burrow
14:09 Orc Burrow
14:38 Beastiary
14:43 Watch Tower
15:28 Watch Tower
15:59 Watch Tower
16:01 Watch Tower
16:22 Great Hall
16:26 Watch Tower
16:28 Watch Tower
17:00 Watch Tower
17:30 Watch Tower
17:32 Watch Tower
17:35 Watch Tower
18:09 Watch Tower
18:37 Watch Tower
18:42 Voodoo Lounge
18:46 Watch Tower
19:06 Watch Tower
19:07 Watch Tower
19:09 Watch Tower
19:11 Watch Tower
19:14 Watch Tower
20:07 Watch Tower
20:40 Great Hall
20:44 Watch Tower
20:46 Watch Tower
21:54 Voodoo Lounge
22:00 Voodoo Lounge
22:06 Voodoo Lounge
22:10 Watch Tower
22:15 Watch Tower
22:25 Voodoo Lounge
22:30 Watch Tower
23:04 Watch Tower
23:10 Watch Tower
23:13 Watch Tower
24:21 Watch Tower
24:26 Watch Tower
24:40 Watch Tower
24:45 Watch Tower
25:12 Watch Tower
25:18 Watch Tower
25:24 Watch Tower
25:47 Watch Tower
25:51 Watch Tower
26:08 Watch Tower
27:15 Watch Tower
27:20 Watch Tower
27:24 Watch Tower
27:32 War Mill
27:58 Orc Burrow
29:20 Watch Tower
31:10 Watch Tower
» items
| Lesser Clarity Potion | 1 | |
| Scroll of Town Portal | 7 | |
| Orb of Venom | 1 | |
| Orb of Lightning | 1 | |
| Potion of Lesser Invulnerability | 1 | |
| Scroll of Protection | 2 | |
13 total
HomeSnizzle (
pink | 67 APM | 2700 actions | 40:25)
5 Blademaster
2 Wind Walk
3 Critical Strike
3 Shadow Hunter
2 Healing Wave
1 Hex
» actions
| Assign group hotkey | 53 | |
| Basic commands | 220 | |
| Build / train | 94 | |
| Enter build submenu | 67 | |
| Enter hero's abilities submenu | 8 | |
| Give item / drop item | 2 | |
| Right click | 734 | |
| Select / deselect | 373 | |
| Select group hotkey | 983 | |
| Use ability | 166 | |
2700 total
» units
| Peon | 24 | |
| Troll Witch Doctor | 3 | |
| Troll Batrider | 17 | |
| Wind Rider | 1 | |
| Tauren | 2 | |
| Shaman | 2 | |
| Demolisher | 5 | |
54 total
» upgrades
| Spiked Barricades | 1 | |
| Ranged Weapons | 2 | |
| Liquid Fire | 1 | |
| Reinforced Defenses | 1 | |
| Witch Doctor Training | 2 | |
| Pulverize | 1 | |
| Ensnare | 1 | |
| Armor | 1 | |
| Envenomed Spears | 1 | |
| Shaman Training | 2 | |
| Burning Oil | 1 | |
| Melee Weapons | 1 | |
15 total
» buildings
| Altar of Storms | 1 | |
| Orc Burrow | 8 | |
| War Mill | 4 | |
| Watch Tower | 35 | |
| Stronghold | 1 | |
| Spirit Lodge | 1 | |
| Beastiary | 4 | |
| Fortress | 1 | |
| Voodoo Lounge | 2 | |
| Great Hall | 2 | |
| Tauren Totem | 1 | |
| Barracks | 2 | |
62 total
» build order
00:11 Altar of Storms
00:20 Orc Burrow
00:52 War Mill
01:39 Orc Burrow
02:38 Watch Tower
02:42 Watch Tower
02:52 Watch Tower
03:16 Watch Tower
03:21 Watch Tower
03:44 Watch Tower
04:21 Watch Tower
04:42 Watch Tower
04:44 Watch Tower
04:50 Watch Tower
05:54 Watch Tower
05:56 Watch Tower
06:01 Stronghold
06:22 War Mill
06:28 Watch Tower
06:42 Watch Tower
07:01 War Mill
07:04 Watch Tower
07:30 War Mill
07:44 Watch Tower
07:49 Watch Tower
08:26 Watch Tower
08:32 Spirit Lodge
08:36 Beastiary
08:39 Beastiary
09:06 Fortress
09:14 Beastiary
09:27 Voodoo Lounge
09:47 Orc Burrow
09:48 Orc Burrow
10:06 Voodoo Lounge
10:36 Orc Burrow
10:37 Orc Burrow
13:19 Great Hall
13:39 Watch Tower
15:04 Watch Tower
15:06 Watch Tower
15:08 Watch Tower
15:17 Watch Tower
16:03 Beastiary
16:05 Tauren Totem
17:08 Barracks
17:11 Barracks
17:28 Orc Burrow
17:31 Orc Burrow
17:52 Watch Tower
17:53 Watch Tower
20:03 Watch Tower
20:04 Watch Tower
20:16 Great Hall
21:13 Watch Tower
22:12 Watch Tower
22:17 Watch Tower
22:18 Watch Tower
25:07 Watch Tower
27:19 Watch Tower
27:19 Watch Tower
28:54 Watch Tower
» items
| Staff of Teleportation | 1 | |
| Healing Salve | 1 | |
| Potion of Lesser Invulnerability | 1 | |
| Orb of Lightning | 2 | |
| Potion of Healing | 3 | |
| Scroll of Town Portal | 3 | |
| Lesser Clarity Potion | 1 | |
12 total
Homestarrunner. (
red | 82 APM | 3323 actions | 40:20)
5 Warden
3 Shadow Strike
2 Fan of Knives
2 Demon Hunter
1 Mana Burn
1 Evasion
» actions
| Assign group hotkey | 44 | |
| Basic commands | 47 | |
| Build / train | 155 | |
| ESC pressed | 4 | |
| Enter build submenu | 102 | |
| Enter hero's abilities submenu | 12 | |
| Give item / drop item | 5 | |
| Remove unit from queue | 2 | |
| Right click | 1098 | |
| Select / deselect | 852 | |
| Select group hotkey | 782 | |
| Use ability | 219 | |
3323 total
» units
| Wisp | 88 | |
| Archer | 7 | |
| Glaive Thrower | 6 | |
| Goblin Zeppelin | 1 | |
| Makrura Deepseer | 1 | |
| Hippogryph | 11 | |
| Dryad | 4 | |
| Druid of the Claw | 4 | |
122 total
» upgrades
| Strength of the Moon | 1 | |
| Vorpal Blades | 1 | |
| Nature's Blessing | 1 | |
| Backpack | 0 | |
| Strength of the Wild | 3 | |
| Druid of the Claw Training | 2 | |
| Reinforced Hides | 3 | |
| Mark of the Claw | 1 | |
12 total
» buildings
| Altar of Elders | 1 | |
| Moon Well | 9 | |
| Ancient of War | 1 | |
| Hunter's Hall | 1 | |
| Ancient Protector | 60 | |
| Tree of Ages | 1 | |
| Tree of Life | 4 | |
| Tree of Eternity | 1 | |
| Ancient of Wonders | 8 | |
| Ancient of Lore | 2 | |
| Ancient of Wind | 3 | |
91 total
» build order
00:09 Altar of Elders
00:20 Moon Well
01:35 Ancient of War
01:45 Hunter's Hall
01:59 Moon Well
02:53 Ancient Protector
02:56 Ancient Protector
03:20 Ancient Protector
03:31 Ancient Protector
03:42 Ancient Protector
04:07 Moon Well
05:29 Tree of Ages
05:38 Moon Well
05:59 Moon Well
06:14 Ancient Protector
07:25 Moon Well
07:30 Moon Well
08:37 Moon Well
10:08 Moon Well
10:28 Tree of Life
10:30 Ancient Protector
10:33 Ancient Protector
11:42 Ancient Protector
11:44 Ancient Protector
12:52 Ancient Protector
13:09 Ancient Protector
13:43 Ancient Protector
14:06 Tree of Life
14:10 Ancient Protector
14:35 Ancient Protector
14:38 Ancient Protector
14:42 Ancient Protector
15:26 Ancient Protector
15:31 Ancient Protector
15:44 Ancient Protector
15:47 Ancient Protector
15:55 Ancient Protector
16:22 Ancient Protector
16:26 Ancient Protector
16:32 Ancient Protector
16:45 Ancient Protector
17:00 Ancient Protector
17:12 Ancient Protector
17:25 Ancient Protector
17:29 Ancient Protector
17:30 Tree of Eternity
17:41 Ancient Protector
18:01 Ancient Protector
18:17 Ancient Protector
18:25 Ancient Protector
18:29 Ancient Protector
19:48 Ancient Protector
19:54 Ancient Protector
19:59 Ancient Protector
20:01 Ancient Protector
20:28 Ancient Protector
20:41 Ancient Protector
21:08 Ancient of Wonders
21:30 Ancient of Wonders
21:37 Ancient of Wonders
21:54 Ancient Protector
21:55 Ancient Protector
22:01 Ancient Protector
22:06 Ancient Protector
22:12 Ancient of Wonders
22:29 Ancient Protector
22:39 Ancient Protector
22:45 Ancient Protector
23:09 Ancient Protector
23:14 Ancient Protector
23:26 Ancient Protector
23:30 Ancient Protector
23:34 Ancient Protector
23:46 Ancient of Wonders
24:04 Ancient of Wonders
24:56 Tree of Life
25:01 Ancient Protector
25:04 Tree of Life
25:08 Ancient of Wonders
25:15 Ancient Protector
25:17 Ancient Protector
25:34 Ancient of Wonders
26:05 Ancient Protector
26:08 Ancient Protector
27:11 Ancient of Lore
27:16 Ancient of Wind
27:24 Ancient Protector
27:43 Ancient Protector
28:07 Ancient of Wind
29:07 Ancient of Wind
29:49 Ancient of Lore
» items
| Orb of Lightning | 1 | |
| Scroll of Town Portal | 4 | |
| Potion of Healing | 2 | |
| Orb of Venom | 1 | |
8 total
homestuff. (
yellow | 60 APM | 2404 actions | 40:17)
6 Warden
2 Fan of Knives
3 Shadow Strike
1 Spirit of Vengeance
3 Dark Ranger
2 Silence
1 Life Drain
» actions
| Assign group hotkey | 27 | |
| Basic commands | 68 | |
| Build / train | 113 | |
| ESC pressed | 5 | |
| Enter build submenu | 28 | |
| Enter hero's abilities submenu | 9 | |
| Give item / drop item | 4 | |
| Remove unit from queue | 4 | |
| Right click | 787 | |
| Select / deselect | 745 | |
| Select group hotkey | 498 | |
| Use ability | 112 | |
2404 total
» units
| Wisp | 32 | |
| Archer | 7 | |
| Huntress | 2 | |
| Chimaera | 7 | |
| Hippogryph | 13 | |
| Goblin Zeppelin | 1 | |
| Glaive Thrower | 4 | |
66 total
» upgrades
| Strength of the Wild | 3 | |
| Improved Bows | 1 | |
| Reinforced Hides | 3 | |
| Sentinel | 1 | |
| Corrosive Breath | 1 | |
| Well Spring | 1 | |
| Marksmanship | 1 | |
| Hippogryph Taming | 1 | |
| Moon Armor | 2 | |
| Vorpal Blades | 1 | |
| Strength of the Moon | 1 | |
16 total
» buildings
| Altar of Elders | 1 | |
| Moon Well | 6 | |
| Ancient of War | 3 | |
| Ancient of Wonders | 2 | |
| Hunter's Hall | 1 | |
| Tree of Life | 6 | |
| Tree of Ages | 1 | |
| Tree of Eternity | 1 | |
| Ancient of Wind | 1 | |
| Chimaera Roost | 3 | |
25 total
» build order
00:07 Altar of Elders
00:20 Moon Well
00:48 Ancient of War
01:43 Ancient of War
02:27 Moon Well
02:46 Ancient of Wonders
03:17 Hunter's Hall
03:24 Moon Well
03:48 Ancient of War
04:12 Tree of Life
04:51 Tree of Life
05:25 Tree of Ages
06:45 Moon Well
06:49 Tree of Life
08:06 Tree of Eternity
08:39 Ancient of Wind
10:46 Chimaera Roost
10:51 Chimaera Roost
10:54 Chimaera Roost
11:20 Moon Well
12:46 Moon Well
14:49 Tree of Life
14:59 Tree of Life
18:59 Tree of Life
31:29 Ancient of Wonders
» items
| Dust of Appearance | 1 | |
| Scroll of Town Portal | 8 | |
| Potion of Healing | 1 | |
| Orb of Lightning | 1 | |
| Potion of Lesser Invulnerability | 1 | |
| Periapt of Vitality | 1 | |
| Circlet of Nobility | 1 | |
14 total
Chat log
(01:09 / All) GOKUMaN69: how u doin?
(01:20 / All) GOKUMaN69: homos
(01:22 / All) GOKUMaN69: hahahahahah
(19:11 / Allies) NADMaN: LOL
(26:21 / All) GOKUMaN69: hey guys
(26:26 / All) GOKUMaN69: level 9 dh
(30:32 / All) GOKUMaN69: we take whats ours noobs
(35:03 / All) GOKUMaN69: and stay out
(36:34 / All) GOKUMaN69: you guys lose I think
(36:38 / All) GOKUMaN69: thanks for all the xp
(36:46 / All) Dexanth: Good luck next time
(40:21 / All) Homebrew.: gg
(40:23 / All) VELOX_NEB: LATA
(40:24 / All) Dexanth: And stay out